Cogmind - Beta 15 @@@ ROGUE MODE // 2025.08.28 @ 02:55:16 Player: shapeshifter Result: Destroyed by G-67 Veteran with Field Laser Performance ------------- Evolutions (5) 2500 Regions Visited (14) 2800 Robots Destroyed (126) 630 Value Destroyed (5629) 5629 Prototype IDs (43) 860 Alien Tech Used (1) 200 Bonus (1059) 1059 TOTAL SCORE: 13678 Bonus ------- High Alert Combat Kills 399 Follower Combat Kills 360 Met Zhirov 300 Cogmind --------- Core Integrity 0/1000 Matter 300/300 Energy 29/100 System Corruption 22% Temperature Cool (12) Movement Flying (48) Location -4/Proximity Caves Parts ------- > --- POWER (1) -------- (None) > --- PROPULSION (6) --- Flying VTOL-Myomer Exoskeleton > --- UTILITY (7) ------ Armored Scrap Engine Large Storage Unit Machine Analyzer Improved Shield Generator Improved Component Analysis Suite > --- WEAPON (3) ------- (None) > --- INVENTORY (15) --- Advanced Power Amplifier Improved Cooling System Huge Storage Unit 0b10 Decoder Chip [Generic] Advanced Salvage Targeting Computer Particle Accelerator Improved Weapon Cycler ECM Suite Force Field System Shield Advanced System Shield Power Bank Transdimensional Reconstructor Peak State ------------ > --- POWER ------------ Antimatter-Nuclear Reactor > --- PROPULSION ------- Flying VTOL-Myomer Exoskeleton > --- UTILITY ---------- Armored Scrap Engine Improved Cooling System Large Storage Unit Enhanced Optical Array Improved Signal Interpreter ECM Suite > --- WEAPON ----------- Prc. Electro Tesla Construct/G Ballistic Assault Construct/G Burst Thermal Phase Construct/C > --- INVENTORY -------- Huge Storage Unit Improved Weapon Cycler Hardened Medium Armor Plating Force Field Improved Component Analysis Suite Power Bank Plasma Cutter [Rating: 92] Favorites ----------- Power Constructs Engine Light Deuterium Engine Power Core Nuclear Core Reactor Constructs Propulsion Constructs Treads Armored Treads Leg VSS Leg Wheel Armored Huge Wheel Flight Unit Constructs Utility Large Storage Unit Device Armored Scrap Engine Storage Large Storage Unit Processor Enhanced Optical Array Hackware System Shield Protection Hardened Medium Armor Plating Weapon Constructs Energy Gun Medium Laser Energy Cannon Constructs Ballistic Gun Minigun Ballistic Cannon Flak Cannon Launcher Precision Rocket Launcher Special Weapon Plasma Cutter Impact Weapon Power Maul Slashing Weapon Greatsword Build | -11 -10 -10 -10 -8 -7 -7 -7 -5 -5 -5 -5 -5 -5 -4 ------- Run | Yrd Mat Min Sub Mat Fac Sto Rec Fac Was Fac Upp Upp Zhi Pro Slots Evolved 10 | . . . . 4 2 . . 4 . . . . . . Power . | . . . . . . . . . . . . . . . Propulsion 4 | . . . . 2 . . . 2 . . . . . . Utility 5 | . . . . 2 1 . . 2 . . . . . . Weapon 1 | . . . . . 1 . . . . . . . . . Parts Attached 93 | 6 . 4 10 17 22 10 2 9 2 5 . 2 3 1 Power 8 | 1 . 1 1 2 2 1 . . . . . . . . Engine 6 | 1 . 1 1 1 1 1 . . . . . . . . Core 2 | . . . . 1 1 . . . . . . . . . Reactor . | . . . . . . . . . . . . . . . Propulsion 22 | 2 . 2 2 4 6 2 1 . 1 1 . . 1 . Treads 6 | 2 . . . 1 2 1 . . . . . . . . Leg 11 | . . 2 1 2 3 . . . 1 1 . . 1 . Wheel 3 | . . . 1 . 1 . 1 . . . . . . . Hover . | . . . . . . . . . . . . . . . Flight 2 | . . . . 1 . 1 . . . . . . . . Utility 28 | 1 . 1 1 4 5 1 1 6 1 3 . 2 1 1 Device 11 | . . 1 1 . . . 1 3 1 1 . 1 1 1 Storage 5 | 1 . . . 2 . 1 . 1 . . . . . . Processor 6 | . . . . 1 1 . . 2 . 2 . . . . Hackware 1 | . . . . . 1 . . . . . . . . . Protection 5 | . . . . 1 3 . . . . . . 1 . . Artifact . | . . . . . . . . . . . . . . . Weapon 35 | 2 . . 6 7 9 6 . 3 . 1 . . 1 . Energy Gun 6 | 1 . . 3 1 1 . . . . . . . . . Energy Cannon 1 | . . . . . . 1 . . . . . . . . Ballistic Gun 18 | 1 . . 1 5 4 4 . 3 . . . . . . Ballistic Cannon 2 | . . . . 1 . 1 . . . . . . . . Launcher 5 | . . . 2 . 2 . . . . 1 . . . . Special Weapon 1 | . . . . . 1 . . . . . . . . . Impact Weapon 1 | . . . . . 1 . . . . . . . . . Slashing Weapon 1 | . . . . . . . . . . . . . 1 . Piercing Weapon . | . . . . . . . . . . . . . . . Special Melee Weapon . | . . . . . . . . . . . . . . . Unidentified Prototypes 14 | . . . . 3 . 6 1 . . 1 . . 3 . Parts Lost 43 | . . . 5 1 15 3 . 8 . 2 1 2 . 6 Power 6 | . . . 1 . 2 . . 1 . . . . . 2 Propulsion 11 | . . . 1 . 7 1 . 2 . . . . . . Utility 7 | . . . . . 1 1 . 1 . . . 2 . 2 Weapon 19 | . . . 3 1 5 1 . 4 . 2 1 . . 2 Highest Loss Streak 4 | . . . 3 1 4 2 . 3 . 1 1 1 . 3 To Critical Strikes . | . . . . . . . . . . . . . . . Average Backups 11 | 3 5 7 7 12 14 15 12 12 5 7 14 13 13 14 Power . | . 1 1 . . . . . . . . . . . . Propulsion . | 1 2 2 . . 1 . . . . . . . . . Utility 6 | . 1 2 2 5 7 8 7 8 3 6 12 11 11 12 Weapon 2 | . 1 2 4 5 4 4 3 2 1 . 1 1 . . Tool/Special . | . . . . . . . . . . . . . . . Unused Backups 36 | . . 2 4 4 2 . 3 6 . 4 . . 2 9 Power 2 | . . . 1 . . . . . . . . . 1 . Propulsion 3 | . . . 3 . . . . . . . . . . . Utility 25 | . . 2 . 4 1 . 1 4 . 4 . . 1 8 Weapon 3 | . . . . . 1 . 2 . . . . . . . Tool/Special 3 | . . . . . . . . 2 . . . . . 1 Average Slot Usage (%) 72 | . 85 92 96 93 81 64 66 51 57 61 64 62 51 45 Engine 4 | . 14 14 13 . 4 2 . 1 . 1 1 . . . Core 1 | . . . . 7 . . 1 2 . 3 3 5 5 . Treads 4 | . 28 16 . 6 6 8 2 1 . 2 3 5 5 . Leg 9 | . . 11 25 20 15 . 2 1 3 2 1 . . 3 Wheel 2 | . . . 2 7 1 7 14 2 . . . . . . Device 9 | . . 7 14 9 1 . 5 11 20 16 11 9 10 12 Storage 7 | . 14 14 14 9 7 7 7 4 . 3 5 5 5 5 Processor 8 | . . . . 7 13 9 7 5 11 13 17 11 11 9 Protection 1 | . . . . 6 3 3 . . . . . 3 5 2 Energy Gun 5 | . 14 14 19 2 1 4 . 1 4 8 2 . . . Energy Cannon 1 | . . . . . . . 2 4 . 2 2 5 . . Ballistic Gun 7 | . 14 14 1 12 12 7 9 4 11 3 5 5 . . Launcher 1 | . . . 4 . 2 2 . . . . 5 5 . . Impact Weapon 1 | . . . . . 3 6 7 2 . . . . . . Peak Build Rating 92 | 6 6 14 19 37 42 46 56 65 78 92 90 91 92 87 Average Rating 47 | 4 6 9 16 31 34 37 49 54 64 83 86 89 83 76 On Entrance 45 | . 6 6 14 19 32 35 33 55 52 78 88 85 91 86 Naked Turns . | . . . . . . . . . . . . . . . Heaviest Build 110 | 13 13 15 23 40 47 110 101 101 42 61 50 58 39 47 Greatest Support 137 | 40 40 40 32 52 62 28 57 40 24 137 75 80 80 135 Greatest Overweight (x) 5 | . . 1 1 1 1 3 5 4 1 1 . . . . Average Overweight (x) . | . . . . . . 2 2 1 . . . . . . Largest Inventory Capacity 25 | 8 8 8 8 15 15 25 25 25 5 15 15 15 15 15 Average Capacity 13 | 7 8 8 8 12 15 20 25 16 5 11 15 15 15 15 Most Carried 18 | 7 6 8 8 15 15 18 18 15 5 15 15 15 15 15 Average Carried 11 | 3 5 7 7 12 14 15 12 12 5 7 15 14 13 14 Final Capacity 25 | 8 8 8 8 15 15 25 25 5 5 15 15 15 15 15 Final Carried 16 | 4 6 8 7 14 15 16 11 5 5 15 15 14 15 13 Scrap Engine Consumption 149 | . . . . . . . 32 27 17 48 8 2 4 11 Constructs Created 10 | . . . . . . . 4 . 2 2 1 . . 1 Constructs Modified 50 | . . . . . . . 7 11 2 20 3 2 1 4 Class Distribution -------------------- 48% | Mutant 23% | Construct 8% | Tank 6% | Commander-Mutant 3% | Scavenger-Mutant 3% | Gunner Dominant Class ---------------- Mutant | -10/Materials Mutant | -10/Mines Mutant | -10/Subcaves Mutant | -8/Materials Mutant | -7/Factory Mutant | -7/Storage Mutant | -7/Recycling Commander-Mutant | -5/Factory Gunner | -5/Waste Construct | -5/Factory Construct | -5/Upper Caves Construct | -5/Upper Caves Construct | -5/Zhirov Construct | -4/Proximity Caves Resources | -11 -10 -10 -10 -8 -7 -7 -7 -5 -5 -5 -5 -5 -5 -4 ----------- Run | Yrd Mat Min Sub Mat Fac Sto Rec Fac Was Fac Upp Upp Zhi Pro Matter Collected 4309 | 237 19 49 182 408 1120 236 317 483 335 426 116 143 . 238 Remotely . | . . . . . . . . . . . . . . . Salvage Created 5549 | . 19 62 440 157 1697 222 128 716 530 504 341 427 . 306 Parts 241 | . 2 3 22 6 75 10 5 28 7 36 15 14 . 18 Haulers Intercepted 2 | . . . . 1 1 . . . . . . . . . Recyclers Shooed 3 | . . . . . . . . 1 . 2 . . . . Parts Field Recycled . | . . . . . . . . . . . . . . . Retrieved Matter . | . . . . . . . . . . . . . . . Parts Self-Destructed 45 | . . . 16 . . . . . . . 7 8 . 14 Prevented 4 | . . . . . . . . . . . . . . 4 Kills | -11 -10 -10 -10 -8 -7 -7 -7 -5 -5 -5 -5 -5 -5 -4 ------- Run | Yrd Mat Min Sub Mat Fac Sto Rec Fac Was Fac Upp Upp Zhi Pro Combat Hostiles Destroyed 106 | . . 3 9 2 39 5 3 11 . 10 6 11 . 7 Melee 13 | . . . . . 1 3 2 . . . . . . 7 Guns 50 | . . 3 9 2 15 1 . 9 . 10 1 . . . Cannons 4 | . . . . . . . . 2 . . 1 1 . . AOE 33 | . . . . . 19 . . . . . 4 10 . . Classes Destroyed 17 | . 1 2 2 1 8 1 . 1 . 1 . . . . Worker 10 | . . . . . 5 2 . 3 . . . . . . Builder 1 | . . . . . . . . . . 1 . . . . Tunneler 1 | . . . . . 1 . . . . . . . . . Hauler 2 | . . . . 1 1 . . . . . . . . . Recycler 1 | . . . . . 1 . . . . . . . . . Mechanic 1 | . . . . . 1 . . . . . . . . . Operator 1 | . . . . . . 1 . . . . . . . . Watcher 2 | . 1 . . . . . . . . 1 . . . . Swarmer 15 | . . 2 . . 4 3 . . . 3 . . . 3 Grunt 48 | . . 1 1 2 17 . 1 8 . . 5 10 . 3 Brawler 3 | . . . . . 1 . . . . . . 1 . 1 Duelist 2 | . . . . . 2 . . . . . . . . . Sentry 10 | . . . 1 . 4 2 1 1 . . 1 . . . Specialist 2 | . . . . . 2 . . . . . . . . . Hunter 3 | . . . . . . . . 1 . 2 . . . . Programmer 17 | . . . . . 9 . 1 2 . 5 . . . . Subdweller 7 | . . . 7 . . . . . . . . . . . Decomposer 1 | . . . . . . . . . . . 1 . . . Best Kill Streak 10 | . 1 2 3 2 10 4 2 4 . 4 5 5 . 4 Combat Bots Only 10 | . . 2 3 2 10 3 2 3 . 3 5 5 . 4 Max Kills in Single Turn 5 | . 1 1 1 1 4 2 1 2 . 2 5 2 . 1 Gunslinging 1 | . . . . . . . . . . 1 . . . . Exploded 4 | . . . . . 3 . . . . . 4 2 . . Melee 1 | . . . . . 1 1 1 . . . . . . 1 Uniques/NPCs Destroyed . | . . . . . . . . . . . . . . . Combat | -11 -10 -10 -10 -8 -7 -7 -7 -5 -5 -5 -5 -5 -5 -4 -------- Run | Yrd Mat Min Sub Mat Fac Sto Rec Fac Was Fac Upp Upp Zhi Pro Hostile Shots Fired 1106 | . 4 9 41 14 380 113 12 166 . 106 10 32 . 219 Missed 337 | . 3 1 14 . 128 38 2 41 . 36 2 6 . 66 Hits 769 | . 1 8 27 14 252 75 10 125 . 70 8 26 . 153 Melee 11 | . . . . . 6 . . . . . . 4 . 1 Projectile 758 | . 1 8 27 14 246 75 10 125 . 70 8 22 . 152 AOE 2 | . . . 1 . . . . . . 1 . . . . Critical Strikes 22 | . . . 1 . 6 . 1 5 . 5 . 2 . 2 Damage Taken 12291 | . 12 75 699 216 3596 730 152 2254 . 1303 198 559 . 2497 Core 1931 | . . 15 231 43 481 137 18 503 . 90 34 20 . 359 Absorbed by Shields 214 | . . . . . . . . 136 . . . . . 78 Regen/Repaired (Parts) 2707 | . . . . . . . 19 289 542 570 131 186 155 815 Core Remaining (%) 50 | 100 . . 1 92 . . 9 . . . . . . . Volleys Fired 336 | . 1 4 36 23 85 9 . 75 30 49 5 17 . 2 Largest 3 | . 2 2 2 2 3 3 . 2 3 3 2 2 . 1 Hottest 170 | . 70 70 110 60 119 75 . 147 116 170 139 167 . 20 Shots Fired 621 | . 2 8 62 45 193 23 . 121 62 70 11 22 . 2 Gun 534 | . 2 8 57 41 176 21 . 91 62 63 8 5 . . Cannon 46 | . . . . 3 . . . 30 . 7 1 5 . . Launcher 39 | . . . 5 1 17 2 . . . . 2 12 . . Special 2 | . . . . . . . . . . . . . . 2 Kinetic 409 | . 1 4 . 44 176 21 . 88 60 6 4 5 . . Thermal 152 | . 1 4 57 . 11 . . 19 2 46 5 5 . 2 Explosive 28 | . . . 5 1 6 2 . . . . 2 12 . . Electromagnetic 32 | . . . . . . . . 14 . 18 . . . . Robot Hit Streak 21 | . 1 4 14 4 12 2 . 14 21 5 6 6 . 1 Robot Miss Streak 6 | . . 2 2 4 6 6 . 3 1 3 1 3 . 1 Penetration Max 1 | . . . . . 1 . . 1 1 1 . . . . Secondary Targets 8 | . . . . . 4 . . 2 . 2 . . . . Max Gunslinging Chain 1 | . . . . . 1 . . 1 . 1 . . . . Shots Hit Robots 434 | . 1 5 39 29 128 17 7 78 54 39 8 16 . 13 Core Hits 232 | . 1 4 14 8 88 7 1 29 6 20 15 19 . 20 Critical Kills 10 | . . . . . 1 2 . 4 2 1 . . . . Critical Parts Destroyed 19 | . . . . . 4 3 2 6 3 1 . . . . Critical Strikes 40 | . . . 5 . 5 5 2 10 7 5 . . . 1 Burn 5 | . . . 5 . . . . . . . . . . . Meltdown 1 | . . . . . . . . 1 . . . . . . Destroy 19 | . . . . . 1 . . 9 7 2 . . . . Corrupt 3 | . . . . . . . . . . 3 . . . . Smash 11 | . . . . . 4 5 2 . . . . . . . Sever 1 | . . . . . . . . . . . . . . 1 Melee Attacks 85 | . . . . . 35 17 14 . . . . . . 19 Impact 66 | . . . . . 35 17 14 . . . . . . . Slashing 19 | . . . . . . . . . . . . . . 19 Piercing . | . . . . . . . . . . . . . . . Sneak Attacks 3 | . . . . . 2 1 . . . . . . . . Combat Hostiles . | . . . . . . . . . . . . . . . Follow-up Attacks . | . . . . . . . . . . . . . . . Damage Inflicted 14742 | . 12 53 599 482 6118 711 290 1831 819 1044 519 1480 . 784 Guns 6433 | . 12 53 599 435 1994 94 . 1336 819 971 96 24 . . Cannons 757 | . . . . 47 . . . 495 . 73 24 118 . . Explosions 4896 | . . . . . 3045 114 . . . . 399 1338 . . Melee 2435 | . . . . . 1058 482 290 . . . . . . 605 Ramming 211 | . . . . . 21 21 . . . . . . . 169 Kinetic 6423 | . . 16 . 482 3571 94 . 1305 792 88 51 24 . . Thermal 2939 | . 12 37 599 . 1082 . . 296 27 689 69 118 . 10 Explosive 2237 | . . . . . 386 114 . . . . 399 1338 . . Electromagnetic 497 | . . . . . . . . 230 . 267 . . . . Impact 1830 | . . . . . 1058 482 290 . . . . . . . Slashing 605 | . . . . . . . . . . . . . . 605 Piercing . | . . . . . . . . . . . . . . . Highest Corruption 22 | . . . . . 9 9 10 3 3 14 14 19 19 22 Average Corruption 11 | . . . . . 7 9 9 2 3 8 14 18 19 19 Corruption Purged . | . . . . . . . . . . . . . . . Corruption Blocked . | . . . . . . . . . . . . . . . Effects 191 | . . . . . 29 13 27 2 2 42 12 26 11 27 Message Errors 47 | . . . . . 10 5 7 1 . 11 3 4 3 3 Matter Fused 41 | . . . . . 7 3 7 . 1 10 2 7 1 3 Heat Flow Errors 19 | . . . . . 3 . 3 . . 2 2 1 3 5 Energy Discharges 11 | . . . . . 1 . 2 . . 4 2 2 . . Parts Rejected 6 | . . . . . . 1 . . . 2 . 2 . 1 Parts Fused 4 | . . . . . . 1 2 . . . . 1 . . Data Loss (minor) 34 | . . . . . 7 2 3 . 1 6 1 7 2 5 Data Loss (major) 10 | . . . . . . 1 2 . . 3 . . 2 2 Misfires 4 | . . . . . 1 . . 1 . . 1 1 . . Alerts 3 | . . . . . . . 1 . . . 1 . . 1 Misdirections 7 | . . . . . . . . . . . . . . 7 Weapon Failures 5 | . . . . . . . . . . 4 . 1 . . Overload Shots . | . . . . . . . . . . . . . . . Overflow Damage 1023 | . . . . . 533 257 141 . . . . 56 . 36 Projectiles 20 | . . . . . . 20 . . . . . . . . Explosions 218 | . . . . . 141 21 . . . . . 56 . . Melee 785 | . . . . . 392 216 141 . . . . . . 36 Knockbacks 17 | . . . . 1 11 2 2 . . 1 . . . . Impact 14 | . . . . . 11 1 2 . . . . . . . Kinetic 2 | . . . . 1 . . . . . 1 . . . . Secondary 1 | . . . . . . 1 . . . . . . . . Self-Inflicted Damage 294 | . . . 29 . 238 10 . . . . 17 . . . Shots 10 | . . . 2 . 7 . . . . . 1 . . . Rammed 2 | . . . . . . 2 . . . . . . . . Targets Rammed 69 | . . . . . 4 2 . . . . . . . 63 Kicked 67 | . . . . . 4 . . . . . . . . 63 Crushed . | . . . . . . . . . . . . . . . Highest Temperature 330 | . 30 66 17 . 253 88 217 190 . 219 185 330 271 241 Average Temperature 70 | . 18 30 10 . 50 45 93 66 . 79 78 136 112 101 Received Heat Transfer 2183 | . 6 30 171 126 654 138 18 644 . . 45 165 . 186 Effects 5 | . . . . . 4 . . . . . . . . 1 Energy Bleed 1 | . . . . . 1 . . . . . . . . . Interference 4 | . . . . . 3 . . . . . . . . 1 Siege Activations . | . . . . . . . . . . . . . . . Martial Activations . | . . . . . . . . . . . . . . . Shielding Activations . | . . . . . . . . . . . . . . . Robots Disrupted . | . . . . . . . . . . . . . . . Combat Hostiles . | . . . . . . . . . . . . . . . Robots Corrupted 10 | . . . . . 6 3 1 . . . . . . . Combat Hostiles 6 | . . . . . 4 1 1 . . . . . . . Parts Fried 6 | . . . . . 2 2 1 . . 1 . . . . Impact Corruptions 24 | . . . . . 12 8 4 . . . . . . . Robots Melted 1 | . . . . . . . . 1 . . . . . . Combat Hostiles . | . . . . . . . . . . . . . . . Parts Melted 10 | . . . 7 . 2 . . 1 . . . . . . Heat Transferred 3490 | . 37 111 1804 . 975 . . 526 . . . . . 37 Parts Sabotaged . | . . . . . . . . . . . . . . . Parts Stolen . | . . . . . . . . . . . . . . . Parts Stripped . | . . . . . . . . . . . . . . . Power Chain Reactions . | . . . . . . . . . . . . . . . Alert | -11 -10 -10 -10 -8 -7 -7 -7 -5 -5 -5 -5 -5 -5 -4 ------- Run | Yrd Mat Min Sub Mat Fac Sto Rec Fac Was Fac Upp Upp Zhi Pro Maximum Alert Level 3 | . . . . . 3 2 . 1 . . . . . . Low Security (%) 72 | 100 100 100 . 100 34 . 100 60 100 100 . . . . Level 1 12 | . . . . . 23 . . 39 . . . . . . Level 2 6 | . . . . . 6 100 . . . . . . . . Level 3 9 | . . . . . 34 . . . . . . . . . Level 4 . | . . . . . . . . . . . . . . . Level 5 . | . . . . . . . . . . . . . . . High Security . | . . . . . . . . . . . . . . . Max Security . | . . . . . . . . . . . . . . . Peak Influence 965 | . 7 57 . 41 965 533 195 349 109 109 . . . . Initial 427 | . . . . . . 427 195 150 109 . . . . . Average 176 | . . 13 . 4 411 485 79 169 42 38 . . . . Influence Increases 4104 | . 7 155 40 90 1581 266 158 872 . 335 130 250 . 220 Destroy 0b10 Robot/C 2220 | . . 120 40 40 780 100 80 380 . 200 120 220 . 140 Destroy 0b10 Robot/NC 125 | . 5 . . 5 45 15 . 45 . 10 . . . . Destroy Leader 426 | . 2 30 . 2 172 30 . 88 . 42 10 30 . 20 Allied During Kill 51 | . . 5 . . . . 5 41 . . . . . . Successful Hack 111 | . . . . 33 30 . 27 7 . 14 . . . . Disable Machine 420 | . . . . . 270 45 15 45 . 45 . . . . Destroy Structure 376 | . . . . 10 194 31 1 116 . 24 . . . . Advance Influence 150 | . . . . . . . . 150 . . . . . . Partial Spotted 15 | . . . . . . 15 . . . . . . . . Lose Combat Pursuer 210 | . . . . . 90 30 30 . . . . . . 60 Influence Decreases 4077 | . 7 155 40 88 644 702 658 562 313 276 159 280 . 193 Entered New Map 1058 | . . . . . 2 512 308 3 204 . 23 6 . . Time Decay 2569 | . 7 135 40 78 492 160 350 414 109 256 136 254 . 138 Lost Part 360 | . . . . 10 150 30 . 75 . 20 . 20 . 55 Lost Ally 90 | . . 20 . . . . . 70 . . . . . . Squads Dispatched 26 | . . 1 . 1 14 . . 6 . 3 . . . 1 Investigation 4 | . . 1 . . 2 . . . . 1 . . . . Extermination 6 | . . . . . 4 . . 1 . 1 . . . . Reinforcement 12 | . . . . 1 5 . . 5 . 1 . . . . Assault 4 | . . . . . 3 . . . . . . . . 1 Garrison . | . . . . . . . . . . . . . . . Intercept . | . . . . . . . . . . . . . . . Searches Triggered . | . . . . . . . . . . . . . . . Construction Impeded 2 | . . . . . . . . 2 . . . . . . Haulers Reinforced 4 | . . . . . 1 . . 3 . . . . . . Active Scanning Responses . | . . . . . . . . . . . . . . . Cargo Convoy Interrupts 1 | . . . . . 1 . . . . . . . . . Stealth | -11 -10 -10 -10 -8 -7 -7 -7 -5 -5 -5 -5 -5 -5 -4 --------- Run | Yrd Mat Min Sub Mat Fac Sto Rec Fac Was Fac Upp Upp Zhi Pro Distress Signals 8 | . . . . . 2 . 1 4 . 1 . . . . Communications Jammed . | . . . . . . . . . . . . . . . Distress Signals . | . . . . . . . . . . . . . . . Times Spotted 188 | . 3 8 10 3 62 8 6 33 1 17 6 9 . 22 Peak Tracking Total 10 | . 2 2 2 2 10 3 2 5 1 4 5 4 . 6 Tactical Retreats 12 | . . 1 . . 5 1 2 1 . . . . . 2 Traps | -11 -10 -10 -10 -8 -7 -7 -7 -5 -5 -5 -5 -5 -5 -4 ------- Run | Yrd Mat Min Sub Mat Fac Sto Rec Fac Was Fac Upp Upp Zhi Pro Traps Triggered 8 | . . . 1 . 3 2 . 1 . 1 . . . . Indirectly . | . . . . . . . . . . . . . . . Trap Hack Attempts . | . . . . . . . . . . . . . . . Triggered . | . . . . . . . . . . . . . . . Disarmed . | . . . . . . . . . . . . . . . Reprogrammed . | . . . . . . . . . . . . . . . Reused . | . . . . . . . . . . . . . . . Traps Extracted . | . . . . . . . . . . . . . . . Installed . | . . . . . . . . . . . . . . . Triggered . | . . . . . . . . . . . . . . . Machines | -11 -10 -10 -10 -8 -7 -7 -7 -5 -5 -5 -5 -5 -5 -4 ---------- Run | Yrd Mat Min Sub Mat Fac Sto Rec Fac Was Fac Upp Upp Zhi Pro Machines Disabled 29 | . . . 1 . 18 3 1 3 . 3 . . . . Max in Single Turn 4 | . . . 1 . 4 2 1 1 . 2 . . . . Garrison Access 2 | . . . . . 1 . . . . 1 . . . . Machines Repaired . | . . . . . . . . . . . . . . . Machines Dismantled 1 | . . . . . 1 . . . . . . . . . Machines Sabotaged . | . . . . . . . . . . . . . . . Overloaded Fab Kills . | . . . . . . . . . . . . . . . Hacking | -11 -10 -10 -10 -8 -7 -7 -7 -5 -5 -5 -5 -5 -5 -4 --------- Run | Yrd Mat Min Sub Mat Fac Sto Rec Fac Was Fac Upp Upp Zhi Pro Machines Accessed 31 | . . 1 2 4 8 1 5 1 . 4 1 . 4 . Terminals 18 | . . . . 4 8 1 2 1 . 2 . . . . Fabricators 1 | . . . . . . . . . . 1 . . . . Repair Stations . | . . . . . . . . . . . . . . . Recycling Units 2 | . . . . . . . 2 . . . . . . . Scanalyzers . | . . . . . . . . . . . . . . . Garrison Access 1 | . . . . . . . . . . 1 . . . . Total Hacks 71 | . . 1 5 9 15 2 12 3 . 6 1 . 17 . Successful 42 | . . 1 5 6 2 1 5 1 . 3 1 . 17 . Failed 29 | . . . . 3 13 1 7 2 . 3 . . . . Catastrophic 13 | . . . . 3 5 . 4 . . 1 . . . . Database Lockouts . | . . . . . . . . . . . . . . . Manual 16 | . . . . 7 7 1 1 . . . . . . . Terminals 35 | . . . . 9 15 2 3 3 . 3 . . . . Fabricators 1 | . . . . . . . . . . 1 . . . . Repair Stations . | . . . . . . . . . . . . . . . Recycling Units 6 | . . . . . . . 6 . . . . . . . Scanalyzers . | . . . . . . . . . . . . . . . Garrison Access 2 | . . . . . . . . . . 2 . . . . Terminal Hacks 39 | . . 1 5 6 2 1 4 1 . 1 1 . 17 . Record 11 | . . . 4 . . . 1 . . . 1 . 5 . Part Schematic 5 | . . . . 1 . . . . . . . . 4 . Robot Analysis 5 | . . . . . 1 . . . . . . . 4 . Prototype ID Bank 5 | . . . . 1 . . . . . . . . 4 . Open Door 2 | . . 1 . . . 1 . . . . . . . . Level Access Points 1 | . . . . . . . 1 . . . . . . . Branch Access Points 2 | . . . . 1 . . . 1 . . . . . . Terminal Index 1 | . . . . . 1 . . . . . . . . . Hauler Manifests 1 | . . . . . . . . . . 1 . . . . Registered Components 1 | . . . . 1 . . . . . . . . . . Zone Layout 2 | . . . . 2 . . . . . . . . . . Proto ID Catalog 1 | . . . 1 . . . . . . . . . . . Release Object 2 | . . . . . . . 2 . . . . . . . Fabricator Hacks 1 | . . . . . . . . . . 1 . . . . Network Status 1 | . . . . . . . . . . 1 . . . . Repair Station Hacks . | . . . . . . . . . . . . . . . Recycling Unit Hacks 1 | . . . . . . . 1 . . . . . . . Report Inventory 1 | . . . . . . . 1 . . . . . . . Scanalyzer . | . . . . . . . . . . . . . . . Garrison Access Hacks 1 | . . . . . . . . . . 1 . . . . Seal Access 1 | . . . . . . . . . . 1 . . . . Unauthorized Hacks . | . . . . . . . . . . . . . . . Terminals . | . . . . . . . . . . . . . . . Fabricators . | . . . . . . . . . . . . . . . Repair Stations . | . . . . . . . . . . . . . . . Recycling Units . | . . . . . . . . . . . . . . . Scanalyzers . | . . . . . . . . . . . . . . . Garrison Access . | . . . . . . . . . . . . . . . Data Cores Recovered . | . . . . . . . . . . . . . . . Used . | . . . . . . . . . . . . . . . Hacking Detections 21 | . . . . 4 8 2 4 1 . 2 . . . . Full Trace Events 4 | . . . . . 1 . 3 . . . . . . . Feedback Events . | . . . . . . . . . . . . . . . Feedback Blocked . | . . . . . . . . . . . . . . . Robot Schematics Acquired . | . . . . . . . . . . . . . . . Robots Built . | . . . . . . . . . . . . . . . Authchips . | . . . . . . . . . . . . . . . Time . | . . . . . . . . . . . . . . . Total Robot Build Rating . | . . . . . . . . . . . . . . . Part Schematics Acquired 5 | . . . . 1 . . . . . . . . 4 . Parts Built . | . . . . . . . . . . . . . . . Authchips . | . . . . . . . . . . . . . . . Time . | . . . . . . . . . . . . . . . Total Part Build Rating . | . . . . . . . . . . . . . . . Parts Repaired . | . . . . . . . . . . . . . . . Time . | . . . . . . . . . . . . . . . Parts Recycled . | . . . . . . . . . . . . . . . Recycled Matter . | . . . . . . . . . . . . . . . Retrieved Matter . | . . . . . . . . . . . . . . . Retrieved Components . | . . . . . . . . . . . . . . . Parts Scanalyzed . | . . . . . . . . . . . . . . . Part Schematics Acquired . | . . . . . . . . . . . . . . . Parts Damaged . | . . . . . . . . . . . . . . . Bothacking | -11 -10 -10 -10 -8 -7 -7 -7 -5 -5 -5 -5 -5 -5 -4 ------------ Run | Yrd Mat Min Sub Mat Fac Sto Rec Fac Was Fac Upp Upp Zhi Pro Used RIF Installer . | . . . . . . . . . . . . . . . Robots Hacked . | . . . . . . . . . . . . . . . Non-combat . | . . . . . . . . . . . . . . . Combat . | . . . . . . . . . . . . . . . Robot Hacks Applied . | . . . . . . . . . . . . . . . Relay Couplers Released . | . . . . . . . . . . . . . . . Fabnet Peak Effective % . | . . . . . . . . . . . . . . . Robots Rewired 10 | . . . . . . . 10 . . . . . . . Allies Hacked . | . . . . . . . . . . . . . . . Hacks Repelled . | . . . . . . . . . . . . . . . Allies | -11 -10 -10 -10 -8 -7 -7 -7 -5 -5 -5 -5 -5 -5 -4 -------- Run | Yrd Mat Min Sub Mat Fac Sto Rec Fac Was Fac Upp Upp Zhi Pro Total Allies 11 | . . 1 . . . . 10 . . . . . . . Largest Group 10 | . . 1 . . . . 10 10 . . . . . . Highest-Rated Group 246 | . . 31 . . . . 246 246 . . . . . . Highest-Rated Ally 40 | . . 31 . . . . 40 40 . . . . . . Total Orders . | . . . . . . . . . . . . . . . Ally Attacks 49 | . . 17 . . . . 1 31 . . . . . . Total Damage 2155 | . . 272 . . . . 61 1822 . . . . . . Kills 19 | . . 3 . . . . 1 15 . . . . . . Allies Corrupted . | . . . . . . . . . . . . . . . Allies Melted 1 | . . . . . . . . 1 . . . . . . Intel | -11 -10 -10 -10 -8 -7 -7 -7 -5 -5 -5 -5 -5 -5 -4 ------- Run | Yrd Mat Min Sub Mat Fac Sto Rec Fac Was Fac Upp Upp Zhi Pro Active Infowar (turns) 8379 | . . 370 205 539 1977 333 791 1034 304 1234 283 540 242 527 Optics 7658 | . . . . 539 1977 333 791 1034 304 1234 283 540 242 381 Structural 609 | . . . . . . . . . . 324 283 2 . . Machine Analysis 1665 | . . . . . . . . . . 73 283 540 242 527 ECM 2500 | . . 370 205 . . . . 788 . 1137 . . . . Robot Analysis Total 5 | . . . . . 1 . . . . . . . 4 . Derelict Logs Recovered 7 | . . 2 1 . . . . . . . 1 . . 3 Drone Launches . | . . . . . . . . . . . . . . . Drone Recoveries . | . . . . . . . . . . . . . . . Exploration | -11 -10 -10 -10 -8 -7 -7 -7 -5 -5 -5 -5 -5 -5 -4 ------------- Run | Yrd Mat Min Sub Mat Fac Sto Rec Fac Was Fac Upp Upp Zhi Pro Turns Passed 10037 | 96 138 728 1166 644 1977 333 791 1034 304 1234 283 540 242 527 Spaces Moved 6247 | 61 84 485 1026 360 1148 149 424 453 181 749 220 364 155 388 Core 15 | 15 . . . . . . . . . . . . . . Treads 1595 | 46 84 241 . . 160 8 . 94 . 290 154 364 154 . Legs 2912 | . . 244 850 360 621 . 1 126 158 385 66 . 1 100 Wheels 1246 | . . . 176 . 367 141 423 139 . . . . . . Hover 85 | . . . . . . . . . 11 74 . . . . Flight 394 | . . . . . . . . 94 12 . . . . 288 Fastest Speed 48 | 50 160 90 90 115 100 115 120 110 85 85 122 122 143 48 Average Speed 126 | 132 160 125 99 139 132 137 131 161 115 137 122 135 143 84 Slowest Speed 345 | 160 160 180 180 195 195 250 345 213 139 165 122 143 167 167 Overloaded Moves . | . . . . . . . . . . . . . . . Propulsion Burnouts . | . . . . . . . . . . . . . . . Robots Hopped 5 | . . . . . . . . . . . . . . 5 Potential Cave-ins . | . . . . . . . . . . . . . . . Cave-ins Triggered . | . . . . . . . . . . . . . . . Exploration Rate (%) 45 | 5 19 93 72 29 36 21 65 10 79 25 52 65 61 54 Regions Visited 14 Branch Regions 8 Pre-discovered Areas 6 | . . 1 . . . . . . . . . . 3 2 Known Exits Taken 5 | . . . 1 . 1 . 1 . . 1 1 . . . Unknown Exits Taken 7 | 1 1 1 . 1 . 1 . . . . . 1 1 . Scrap Searched 5 | . . 1 1 . . . . . . . 2 1 . . Spaces Dug 13 | . . . 5 . 7 . 1 . . . . . . . Terrain Destroyed 539 | . . . 25 8 243 35 1 18 . 11 35 163 . . Melee 8 | . . . . . 7 . 1 . . . . . . . Projectile 14 | . . . . . . . . 14 . . . . . . AOE 513 | . . . 25 8 236 35 . . . 11 35 163 . . Terrain Rammed . | . . . . . . . . . . . . . . . Walls Destroyed . | . . . . . . . . . . . . . . . Machines Disabled . | . . . . . . . . . . . . . . . Actions | -11 -10 -10 -10 -8 -7 -7 -7 -5 -5 -5 -5 -5 -5 -4 --------- Run | Yrd Mat Min Sub Mat Fac Sto Rec Fac Was Fac Upp Upp Zhi Pro Total 7641 | 76 86 597 1109 464 1391 234 634 646 215 887 224 386 178 514 Wait 461 | . . 96 18 15 50 20 70 88 2 56 . . 3 43 Move 6224 | 60 83 484 1025 359 1147 148 423 453 180 748 219 363 154 378 Hop 5 | . . . . . . . . . . . . . . 5 Pick Up 118 | 10 2 4 8 22 20 11 3 9 . 18 . 2 8 1 Fast Attach 29 | . . 4 2 9 6 3 . . 2 2 . 1 . . Attach 60 | 6 . . 3 5 13 9 2 9 . 3 . 3 4 3 Detach 7 | . . . . 1 . 4 . 2 . . . . . . Swap 44 | . . . 10 10 14 4 . 1 . 3 . . 2 . Drop 85 | . . 5 7 20 12 7 9 9 1 8 . . 7 . Fire 336 | . 1 4 36 23 85 9 . 75 30 49 5 17 . 2 Melee 85 | . . . . . 35 17 14 . . . . . . 19 Ram 2 | . . . . . . 2 . . . . . . . . Kick 67 | . . . . . 4 . . . . . . . . 63 Crush . | . . . . . . . . . . . . . . . Escape Stasis . | . . . . . . . . . . . . . . . Rewire 113 | . . . . . . . 113 . . . . . . . Trap . | . . . . . . . . . . . . . . . Miscellaneous 5 | . . . . . 5 . . . . . . . . . Route ------- -11/Scrapyard -10/Materials -10/Mines (discovered 3 exits: [*Mat x2] / *Sub) -10/Subcaves (discovered 4 exits: *Mat x2 / *Rec / [*Scr]) -8/Materials -7/Factory (discovered 3 exits: [*Fac] / *Sto / *Low) -7/Storage -7/Recycling -5/Factory (discovered 4 exits: Upp x2 / Ext x2) -5/Waste -5/Factory (discovered 2 exits: *Fac / *Upp) -5/Upper Caves -5/Upper Caves -5/Zhirov -4/Proximity Caves History --------- Turn | Location | Event 27 | -11/Scrapyard | Discovered new exit (range 16) 97 | -11/Scrapyard | Entered Materials 130 | -10/Materials | Discovered new exit (range 16) 235 | -10/Materials | Entered Mines 244 | -10/Mines | Escorted by a lone wolf Derelict 264 | -10/Mines | Learned location of Storage (-7) 307 | -10/Mines | Build established: Mutant 390 | -10/Mines | Learned Materials stockpile data 517 | -10/Mines | Received a Rocket Launcher from a helpful Derelict 603 | -10/Mines | Discovered new exit (range 9) 622 | -10/Mines | Discovered new exit (range 3) 636 | -10/Mines | Met a Derelict shopkeep closing up shop 941 | -10/Mines | Discovered new exit (range 4) 963 | -10/Mines | Entered Subcaves 964 | -10/Subcaves | Approached by a straggling Scientist 985 | -10/Subcaves | A swath of the cavern ceiling suddenly collapsed 1399 | -10/Subcaves | Scientist uncovered a shortcut to Scraptown 1440 | -10/Subcaves | Ambushed by Subdweller buried in earth 1634 | -10/Subcaves | Core integrity fell below 50% 1657 | -10/Subcaves | Core integrity fell below 20% 1659 | -10/Subcaves | Discovered new exit (range 15) 1683 | -10/Subcaves | Lost 3 parts (1p1n1w) 1730 | -10/Subcaves | Visited 4L-MR0's lab 1745 | -10/Subcaves | Found Power Bank 1787 | -10/Subcaves | Shifting Twisted Machinery released Mak. Hacking Suite 1797 | -10/Subcaves | Shifting Twisted Machinery released Ripper 1799 | -10/Subcaves | A swath of the cavern ceiling suddenly collapsed 1998 | -10/Subcaves | Learned Materials terminal intel 2052 | -10/Subcaves | Visited Clippyterm 2055 | -10/Subcaves | Identified exit to Materials 2055 | -10/Subcaves | Learned Factory stockpile data 2129 | -10/Subcaves | Entered Materials 2129 | -8/Materials | Evolved 4 slots: Propulsion x2, Utility x2 2131 | -8/Materials | Loaded intel: 12 terminal locations 2132 | -8/Materials | Build established: Scavenger-Mutant 2522 | -8/Materials | Build established: Mutant 2736 | -8/Materials | Discovered new exit (range 14) 2773 | -8/Materials | Entered Factory 2773 | -7/Factory | Evolved 2 slots: Utility x1, Weapon x1 2774 | -7/Factory | Identified exit to Storage 3040 | -7/Factory | Discovered new exit (range 15) 3053 | -7/Factory | Build established: Tank 3081 | -7/Factory | Identified exit to Lower Caves 3858 | -7/Factory | Cargo convoy interrupted 3964 | -7/Factory | Lost 4 parts (1p2n1u) 3973 | -7/Factory | First assault squad dispatched 3982 | -7/Factory | Destroyed 10 combat bots 4131 | -7/Factory | Core integrity fell below 50% 4207 | -7/Factory | Build established: Mutant 4665 | -7/Factory | Discovered new exit (range 19) 4750 | -7/Factory | Entered Storage 4870 | -7/Storage | Core integrity fell below 20% 5074 | -7/Storage | Used back door to open Recycling access 5074 | -7/Storage | Discovered new exit (range 5) 5083 | -7/Storage | Entered Recycling 5209 | -7/Recycling | Entered Scraplab 5211 | -7/Recycling | Found Prototype Device 5212 | -7/Recycling | Identified Scrap Engine 5525 | -7/Recycling | System corruption reached 10% 5759 | -7/Recycling | Identified exit to Factory 5874 | -7/Recycling | Entered Factory 5874 | -5/Factory | Accompanied by 10 allies 5874 | -5/Factory | Evolved 4 slots: Propulsion x2, Utility x2 5881 | -5/Factory | Identified exit to Upper Caves 5881 | -5/Factory | Identified exit to Extension 6186 | -5/Factory | Build established: Commander-Mutant 6196 | -5/Factory | Lost 3 allies 6535 | -5/Factory | Lost 3 allies 6674 | -5/Factory | Lost 3 parts (1p2w) 6745 | -5/Factory | Build established: Mutant 6869 | -5/Factory | Core integrity fell below 50% 6908 | -5/Factory | Sucked down chute 6908 | -5/Factory | Entered Waste 6908 | -5/Waste | The area was eerily silent 7005 | -5/Waste | Discovered new exit (range 22) 7188 | -5/Waste | A Compactor rumbled back to life 7189 | -5/Waste | Spotted C-40 Crusher 7212 | -5/Waste | Entered Factory 7257 | -5/Factory | Build established: Gunner 7659 | -5/Factory | Build established: Construct 7891 | -5/Factory | Discovered new exit (range 5) 7897 | -5/Factory | Identified exit to Factory 8015 | -5/Factory | System corruption reached 10% 8434 | -5/Factory | Discovered exit to Upper Caves (range 4) 8446 | -5/Factory | Entered Upper Caves 8463 | -5/Upper Caves | Attracted the attention of an 0b10 checkpoint 8643 | -5/Upper Caves | Entered a destroyed Warlord outpost 8710 | -5/Upper Caves | Identified exit to Upper Caves 8729 | -5/Upper Caves | Entered another Upper Caves area 8925 | -5/Upper Caves | Encountered a Warlord checkpoint 9249 | -5/Upper Caves | Discovered new exit (range 9) 9269 | -5/Upper Caves | Entered Zhirov 9272 | -5/Zhirov | Discovered new exit (range 3) 9298 | -5/Zhirov | Met Zhirov 9326 | -5/Zhirov | Learned location of Quarantine (-3) 9326 | -5/Zhirov | Learned location of Testing (-2) 9326 | -5/Zhirov | Learned location of Command (-1) 9339 | -5/Zhirov | Zhirov requested help retrieving the SGEMP Prototype 9361 | -5/Zhirov | Found Alien Artifact 9362 | -5/Zhirov | Identified Integrated Reactor 9362 | -5/Zhirov | Installed Integrated Reactor, increased core energy generation (+10) 9382 | -5/Zhirov | Found Alien Artifact 9511 | -5/Zhirov | Entered Proximity Caves 9757 | -4/Proximity Caves | Core integrity fell below 20% 9788 | -4/Proximity Caves | Lost 3 parts (1u2w) 9883 | -4/Proximity Caves | Learned 4 Research zone layouts 9966 | -4/Proximity Caves | Learned location of Armory (-4) 10022 | -4/Proximity Caves | Attracted the attention of an 0b10 outpost 10038 | -4/Proximity Caves | Destroyed by G-67 Veteran with Field Laser Last Messages --------------- 09947_ Scrap Engine modifies Flying Myomer Exoskeleton: Time/Move -25, Support +55 Renamed Flying VTOL-Myomer Exoskeleton. 09960_ System corrupted: Heat flow error (+235). 09966_ Acquired derelict log, extracted data. World map updated: -4/Armory. 09972_ Arm. Scrap Engine consumes Neutrino Core. 09993_ Acquired 25 matter. 09994_ Arm. Scrap Engine consumes Med. Treads. 10001_ System corrupted: Component data lost. 10022_ Y-72 Warden: "DETECTED UNIDENTIFIED DERELICT." 10025_ System corrupted: Component data lost. 10026_ Y-72 Warden: "REQUESTING BACKUP." 10029_ Penetrated by Slug. 10036_ Antimatter-Nuclear Reactor destroyed. 10036_ Arm. Scrap Engine damaged due to network destabilization (-10). 10038_ Arm. Scrap Engine consumes Neutrino Core. Map ----- +----------------------------------------------------+ | ??????##???## #?????# ##??????????????????????? | | ??????# ##?? ##### ##?????????????????????? | | ##????? ??? ## ####??????????????????? | | ##???? ???# ##?????????????????? | | ###### #???# #?????????????????? | | #????# #?????????????????? | | ## ####### #?????????????????? | | ## ## ##????????????????? | | ## #?####???????????? | | ### ### ##??????????? | | ##?# ### #??????????? | | ## ###?## ######## ## #???????????? | | ######???# #""""""# ## ###???????????? | | #?????####### #"g # #?????????????? | | #????## #??# #" ## ##????????????? | | ##??## #???## #" # #????????????? | | ##?# ##????# #" g # ## #????????????? | | #?# #?????## #" # ######????????????? | | ### ##??????## ##; ### ##?????????????????? | | ##???????## ss#??????????????????? | | ##???????## s##??????????????????? | | #????????### #???????????????????? | | #??????????# #???????????????????? | | ##??????????## ##???????????????????? | | #####????????????##% %##????????????????????? | | ##?????????????????##@ #?????????????????????? | | %#?????????????????? #?????????????????????? | | !#?????????????????### g#????????????????????? | | #???????????????????#g!%#????????????????????? | | #??????????????????# g#????????????????????? | | ?????????????????#; g????????????????????? | | ???????????????### ???????????????????? | | #???????????????? ??????????????????? | | ### #??????????????? ??????????????????? | | ??## ### #??????????????? ?????????????????? | | ????####???#??????????????? ?????????????????? | | ???????????????????????????######????????????????? | | ?????????????????????????????????????????????????? | | ?????????????????????????????????????????????????? | | ?????????????????????????????????????????????????? | | ?????????????????????????????????????????????????? | | ?????????????????????????????????????????????????? | | ?????????????????????????????????????????????????? | | ?????????????????????????????????????????????????? | | ?????????????????????????????????????????????????? | | ?????????????????????????????????????????????????? | | ?????????????????????????????????????????????????? | | ?????????????????????????????????????????????????? | | ?????????????????????????????????????????????????? | | ?????????????????????????????????????????????????? | +----------------------------------------------------+ Best States ------------- Heat Dissipation 81 Energy Generation 33 Energy Capacity 542 Matter Stores 300 Matter Capacity 300 Sight Range 22 Terrain Scan Density 10 ECM Strength 1 Armor Coverage 225 Evasion (%) 60 Target Analysis 6 Recoil Reduction 5 Kinecelleration 30 Defensive Hacking 10 Item Schematics ----------------- Hcp. Storage Unit | -8/Materials | Hacked Assault Drone Bay | -5/Zhirov | Free Exp. Heat Sink | -5/Zhirov | Free Exp. Optical Array | -5/Zhirov | Free Imp. Arc Thrower | -5/Zhirov | Free Robot Schematics ------------------ None Fabricated ------------ Nothing Repaired ---------- Nothing Alien Tech Used ----------------- Integrated Reactor Achievements -------------- None Challenges ------------ None Game ------ Seed SpacefoldSensorRedistributor Manual? 0 Play Time 01:13:30 Cumulative 213.5 hours Start 2025.08.28 @ 01:41:01 End 2025.08.28 @ 02:55:16 Sessions 1 Manual Loads 0 Difficulty Rogue Special Mode None Game No. 322 Rogue 322 Adventurer 0 Explorer 0 Win Type - Total 4 Types 3/0/1/0/0/0/0/0/0/0 Lore% 80 Gallery% 75 Achievement% 57 Wizard Run 0 Options --------- Layout 1 ASCII 0 Keyboard 0 Movement Mouse Keybinds 0 Fullscreen 1 Font 32/SmallcapsGlow Map View 50x35 Zoom Use 0% Tactical HUD 1 Map Filters NONE Filters NONE Steam 1 RUN: d23004bc-90a2-4545-bab0-4d139e3d6d28